 Dungeon Crawl Stone Soup version 0.23.2-1-ga50397a (webtiles) character file.

Game seed: 7601195261053673101

571 Fang the Skirmisher (level 7, -13/44 HPs)
             Began as a Gargoyle Berserker on May 8, 2019.
             Was an Elder of Trog.
             Killed from afar by Dowan (15 damage)
             ... with a shard of ice
             ... on level 5 of the Dungeon.
             The game lasted 00:06:33 (5138 turns).

Fang the Skirmisher (Gargoyle Berserker)            Turns: 5138, Time: 00:06:34

Health: -13/44     AC:  7    Str: 23    XL:     7   Next: 34%
Magic:  7/7        EV: 13    Int:  7    God:    Trog [****..]
Gold:   161        SH:  0    Dex:  9    Spells: 6/6 levels left

rFire    . . .     SeeInvis .   g - +1 hand axe (flame)
rCold    . . .     Gourm    .   (no shield)
rNeg     + . .     Faith    .   b - +0 animal skin
rPois    ∞         Spirit   .   (no helmet)
rElec    +         Reflect  .   (no cloak)
rCorr    .         Harm     .   (no gloves)
MR       .....                  (no boots)
Stlth    +.........             (no amulet)
HPRegen  0.14/turn              (no ring)
MPRegen  0.10/turn              (no ring)

@: berserk cooldown, slowed, very slow
A: negative energy resistance 1, electricity resistance, unbreathing,
petrification resistance, rot immunity, AC +4
a: Berserk, Trog's Hand, Brothers in Arms, Renounce Religion


You were on level 5 of the Dungeon.
You worshipped Trog.
Trog was greatly pleased with you.
You were very hungry.

You visited 2 branches of the dungeon, and saw 6 of its levels.

You collected 161 gold pieces.

Inventory:

Hand Weapons
 a - a +0 hand axe
 g - a +1 hand axe of flaming (weapon)
Armour
 b - a +0 animal skin (worn)
Jewellery
 v - an uncursed ring of fire {unknown}
Wands
 h - a wand of random effects (27)
Scrolls
 d - 2 scrolls of blinking {unknown}
 i - a scroll of immolation {unknown}
 j - 2 scrolls of amnesia {unknown}
 k - a scroll of fear {unknown}
 m - 2 scrolls of remove curse {unknown}
 p - a scroll of teleportation {unknown}
 s - 5 scrolls of identify {unknown}
 t - a scroll of enchant weapon {unknown}
Potions
 e - 3 potions of flight {unknown}
 f - a potion of lignification {unknown}
 l - a potion of magic {unknown}
 n - a potion of heal wounds {unknown}
 o - a potion of berserk rage {unknown}
 q - a potion of degeneration {unknown}
 r - a potion of brilliance {unknown}
 u - 2 potions of curing {unknown}
Comestibles
 c - 10 rations


   Skills:
 + Level 5.2 Fighting
 + Level 4.4 Axes
 + Level 4.6 Armour
 + Level 3.4 Dodging


You had 6 spell levels left.
You didn't know any spells.
Your spell library was empty.

Dungeon Overview and Level Annotations

Branches:
Dungeon (5/15)             Temple (1/1) D:4

Altars:
Ashenzari
Elyvilon
Fedhas
Okawaru
Qazlal
Ru
Uskayaw
Vehumet
Xom

Shops:
D:4 %:

Annotations:
D:3 2 transporters
D:5 Dowan


Innate Abilities, Weirdness & Mutations

You are resistant to torment.
Your stone body is resilient. (AC +4)
You are immune to poison.
You resist negative energy. (rN+)
You are resistant to electric shocks. (rElec)
You can survive without breathing.
You are immune to petrification.
You are immune to rotting.


Message History

Dowan is heavily wounded.
Dowan casts a spell at you. The shard of ice hits you!!
Ouch! That really hurt!
* * * LOW HITPOINT WARNING * * *
Dowan hits you but does no damage.
You hit Dowan. You burn Dowan.
Dowan is severely wounded.
Dowan hits you but does no damage. Dowan misses you.
Dowan hits you but does no damage.
You hit Dowan. You burn Dowan.
Dowan is almost dead.
Dowan hits you but does no damage. x2
You closely miss Dowan.
Dowan is almost dead.
Dowan mumbles some strange words.
Dowan blinks!
Dowan barely misses you.
Dowan points at you and mumbles some strange words.
The shard of ice hits you!
You die...

#.# ##.##
###...###
........
######...#
#........###
#(##.......#
#e##.#####.#
#@##.#
#.######+
#.##.#
#.<......
#.##.#
#........
#.##.#
#........
#.....
.........
####.#
###....[..
... #.......
....(...
########


You could see Dowan.

Vanquished Creatures
  Duvessa (D:5)
  An orc wizard (D:3)
  2 orc priests (D:3)
  An iguana (D:4)
  3 worker ants
  Robin (D:4)
  8 gnolls (D:3)
  3 adders
  A howler monkey skeleton (D:3)
  A shadow imp (D:4)
  2 oozes (D:3)
  An adder skeleton (D:4)
  8 worms
  4 leopard geckos
  10 orcs (D:3)
  A ball python (D:1)
  4 bats
  2 giant cockroaches
  9 goblins
  7 hobgoblins
  12 jackals
  4 kobolds
  8 frilled lizards
  23 rats
117 creatures vanquished.

Vanquished Creatures (others)
  A goblin (D:4)
1 creature vanquished.

Grand Total: 118 creatures vanquished

Notes
Turn   | Place    | Note
-------+----------+-------------------------------------------
     0 | D:1      | Fang the Gargoyle Berserker began the quest for the Orb.
     0 | D:1      | Reached XP level 1. HP: 14/14 MP: 1/1
    92 | D:1      | Reached XP level 2. HP: 5/19 MP: 2/2
   735 | D:2      | Reached ** piety under Trog
   735 | D:2      | Reached XP level 3. HP: 23/23 MP: 3/3
   820 | D:2      | Found a radiant altar of Vehumet.
   843 | D:2      | Found a faded altar of an unknown god.
  1361 | D:2      | Reached XP level 4. HP: 14/29 MP: 4/4
  1754 | D:3      | Reached skill level 4 in Fighting
  1891 | D:3      | Reached XP level 5. HP: 4/33 MP: 5/5
  2294 | D:3      | Reached *** piety under Trog
  2320 | D:3      | Found a hide-covered altar of Uskayaw.
  2540 | D:3      | Reached XP level 6. HP: 28/39 MP: 6/6
  2847 | D:3      | Found a transporter.
  2861 | D:3      | Found a transporter.
  2908 | D:3      | Found a white marble altar of Elyvilon.
  3218 | D:3      | Found a blossoming altar of Fedhas.
  3219 | D:3      | Found an iron altar of Okawaru.
  3220 | D:3      | Found a shattered altar of Ashenzari.
  3222 | D:3      | Found a sacrificial altar of Ru.
  3808 | D:4      | Found a shimmering altar of Xom.
  3882 | D:4      | Found Ipsikh's Food Emporium.
  3921 | D:4      | Noticed Robin
  3931 | D:4      | Reached **** piety under Trog
  3943 | D:4      | Killed Robin
  4328 | D:4      | Found Qeddaefoa's Book Boutique.
  4339 | D:4      | Reached skill level 5 in Fighting
  4441 | D:4      | Found a staircase to the Ecumenical Temple.
  4566 | D:4      | Reached XP level 7. HP: 39/44 MP: 7/7
  4999 | Temple   | Entered the Ecumenical Temple
  5099 | D:5      | Entered Level 5 of the Dungeon
  5111 | D:5      | Noticed Duvessa
  5111 | D:5      | Noticed Dowan
  5125 | D:5      | Killed Duvessa
  5125 | D:5      | Received a gift from Trog
  5134 | D:5      | HP: 1/44 [Dowan/shard of ice (24)]
  5138 | D:5      | Killed from afar by Dowan

Skill      XL: |  1  2  3  4  5  6 |
---------------+-------------------+-----
Axes           | 3 4 |  4.4
Dodging        | 2 3 |  3.4
Armour         | 3 4 |  4.6
Fighting       | 4 5 |  5.2

Action                   |  1- 3 |  4- 6 |  7- 9 || total
-------------------------+-------+-------+-------++-------
Melee: Hand axe          |   131 |   194 |    26 ||   351
Invok: Berserk           |     1 |     4 |     1 ||     6
 Stab: Sleeping          |     2 |     1 |       ||     3
       Distracted        |     1 |       |       ||     1
  Eat: Chunk             |     2 |    12 |     3 ||    17
Armor: Animal skin       |    34 |    55 |    10 ||    99
Dodge: Dodged            |    80 |   116 |    16 ||   212
